 Dungeon Crawl Stone Soup version 0.29-a0-414-g5075937ec3 (webtiles) character file.

Game seed: 3488828921739816617

56 jlumianski the Skirmisher (level 3, 0/29 HPs)
             Began as a Demonspawn Fighter on May 15, 2022.
             Slain by an orc
             ... wielding a +0 flail
              (7 damage)
             ... on level 3 of the Dungeon.
             The game lasted 00:09:30 (1383 turns).

jlumianski the Skirmisher (Demonspawn Fighter)      Turns: 1383, Time: 00:09:30

Health: 0/29       AC:  9    Str: 18    XL:     3   Next: 69%
Magic:  3/3        EV:  9    Int:  9    God:
Gold:   30         SH:  4    Dex: 12    Spells: 2/2 levels left

rFire   . . .      SeeInvis .   a - +0 war axe
rCold   . . .      Faith    .   c - +0 buckler
rNeg    . . .      Spirit   .   b - +0 scale mail
rPois   .          Reflect  .   (helmet restricted)
rElec   .          Harm     .   (no cloak)
rCorr   .          Rampage  .   (no gloves)
Will    .....                   f - +1 pair of boots
Stlth   ..........              (no amulet)
HPRegen 0.09/turn               (no ring)
MPRegen 0.16/turn               (no ring)

@: no status effects
A: horns 1, magic regeneration
a: no special abilities


You were on level 3 of the Dungeon.
You visited 1 branch of the dungeon, and saw 3 of its levels.

You collected 30 gold pieces.

Inventory:

Hand Weapons
 a - a +0 war axe (weapon)
 g - a +2 hunting sling of flaming
 j - a +1 whip of electrocution
Missiles
 k - 23 stones
Armour
 b - a +0 scale mail (worn)
 c - a +0 buckler (worn)
 f - a +1 pair of boots (worn)
Scrolls
 e - a scroll of amnesia {unknown}
Potions
 d - a potion of might
 l - a potion of curing
 m - a potion of mutation


   Skills:
 + Level 3.3 Fighting
 + Level 2.3 Axes
 + Level 1.0 Slings
 + Level 3.2 Armour
 + Level 0.3 Dodging
 + Level 2.9 Shields


You had 2 spell levels left.
You didn't know any spells.
Your spell library was empty.

Dungeon Overview and Level Annotations

Branches:
Dungeon (3/15)

Altars:


Innate Abilities, Weirdness & Mutations

You have a pair of small horns on your head.
You regenerate magic rapidly.


Message History

You slash the hobgoblin!
You kill the hobgoblin!
The orc hits you but does no damage.
You hit the orc. Your headbutt misses the orc.
The orc is moderately wounded.
The orc hits you with a +0 flail.
You barely miss the orc.
The orc is moderately wounded.
The orc closely misses you. You block the orc's attack.
You hit the orc but do no damage. You headbutt the orc, but do no damage.
The orc is moderately wounded.
The orc barely misses you.
You barely miss the orc.
The orc is moderately wounded.
The orc closely misses you. The orc hits you but does no damage.
You hit the orc but do no damage. You headbutt the orc.
The orc is heavily wounded.
The orc hits you with a +0 flail.
* * * LOW HITPOINT WARNING * * *
You hit the orc but do no damage.
The orc is heavily wounded.
The orc closely misses you. The orc hits you but does no damage.
You closely miss the orc.
The orc is heavily wounded.
The orc closely misses you.
You barely miss the orc.
The orc is heavily wounded.
The orc closely misses you. The orc hits you with a +0 flail.
* * * LOW HITPOINT WARNING * * *
You barely miss the orc.
The orc is heavily wounded.
The orc hits you but does no damage.
You closely miss the orc.
The orc is heavily wounded.
You block the orc's attack. The orc hits you with a +0 flail.
* * * LOW HITPOINT WARNING * * *
You barely miss the orc. Your headbutt misses the orc.
The orc is heavily wounded.
The orc hits you with a +0 flail!
You die...

#############
........o@<.#
o.#########†#####
#...........#
....###.###$# ..
... #..#. ......
##..# #. #... .!


You could see an orc.

Vanquished Creatures
  2 adders (D:2)
  A dart slug (D:1)
  4 bats
  3 endoplasms
  2 giant cockroaches
  6 hobgoblins
  A jackal (D:2)
  3 quokkas
  4 frilled lizards
  A goblin (D:1)
  4 kobolds
  3 rats
34 creatures vanquished.

Notes
Turn   | Place    | Note
-------+----------+-------------------------------------------
     0 | D:1      | jlumianski the Demonspawn Fighter began the quest for the
                  | Orb.
     0 | D:1      | Reached XP level 1. HP: 18/18 MP: 1/1
   226 | D:1      | Discovered your monstrous ancestry.
   226 | D:1      | Gained mutation: You have a pair of small horns on your
                  | head. [demonic ancestry]
   226 | D:1      | Reached XP level 2. HP: 24/24 MP: 2/2
  1112 | D:2      | Gained mutation: You regenerate magic rapidly. [demonic
                  | ancestry]
  1112 | D:2      | Reached XP level 3. HP: 29/29 MP: 3/3
  1290 | D:2      | Reached skill level 1 in Slings
  1383 | D:3      | Slain by an orc

Illustrated notes

Levels and vault maps discovered:
D:1:      lightli_arrival_boilingwater, layout_loops_ring
D:2:      layout_basic, dreamdust_ecumenical_altar_angels_and_demons,
          serial_bayou_pond_b, minmay_tripent
D:3:      layout_loops_ring, gammafunk_ghost_grave, serial_glass,
          glass_columns_a, glass_columns_a

Skill      XL: |  1  2  3 |
---------------+----------+-----
Armour         | 3 |  3.2
Axes           | 2 |  2.3
Slings         | 1 |  1.0
Fighting       | |  3.3
Dodging        | |  0.3
Shields        | |  2.9

Action                   || total
-------------------------++-------
Melee: War axe           ||    90
       Headbutt          ||    14
 Fire: Hunting sling     ||    23
  Use: Scroll            ||     3
       Potion            ||     2
Armor: Scale mail        ||   102
Dodge: Dodged            ||    70
Block: Buckler           ||    48

Table legend: (Time is in decaauts)
 A = Elapsed time spent in this place.
 B = Non-inter-level travel time spent in this place.
 C = Inter-level travel time spent in this place.
 D = Time resting spent in this place.
 E = Time spent auto-exploring this place.
 F = Levels seen in this place.
 G = Mean time per level.
                   A        B        C        D        E       F      G
               +--------+--------+--------+--------+--------+-----+--------+
         Total |   1440 |   1401 |     39 |    100 |    726 |   3 |  480.0 |
       Dungeon |   1440 |   1401 |     39 |    100 |    726 |   3 |  480.0 |
               +--------+--------+--------+--------+--------+-----+--------+

Top non-repeatable levels by time:
     D:1: 838 daAuts
     D:2: 567 daAuts
     D:3: 33 daAuts
